Map: Dead of Night

Players

raincamp

  • Race: Terran Terran

raincamp

  • Race: Terran Terran
  • Spawn Location: 0:00

VOD

Have the link to the VOD?

Description

Time

  • Played on: Jan. 16, 2018, 11:21 a.m.
  • Length: 25:59
Show
View Real Time Build Order
Export as new Build Order

raincamp Terran 

Build Orders:  

Get SALT Encoding   

  12  0:05  Starport Tech Lab  
  12  0:08  SCV  
  13  0:25  SCV  
  14  0:35  Supply Depot  
  15  0:42  SCV  
  15  0:46  Refinery  
  16  1:10  SCV  
  16  1:11  Assault Galleon  
  16  1:27  SCV  
  18  1:44  SCV  
  18  1:46  Assault Galleon  
  19  2:01  SCV  
  19  2:18  SCV  
  20  2:20  Assault Galleon  
  21  2:34  SCV  
  22  2:51  SCV  
  22  2:54  Armory  
  22  3:08  SCV  
  23  3:10  Engineering Bay  
  23  3:25  SCV  
  24  3:32  Assault Galleon  
  25  3:42  SCV  
  26  4:00  Assault Galleon  
  26  4:02  SCV  
  26  4:18  SCV  
  31  4:30  Strike Fighter Platform  
  31  4:39  SCV  
  31  4:42  Supply Depot  
  31  4:48  Supply Depot  
  31  5:17  SCV  
  30  5:27  Refinery  
  31  5:32  Refinery  
  31  5:33  LE9 Cluster Charges  
  31  5:34  SCV  
  31  5:42  Horner Weapons Level 1  
  32  5:51  SCV  
  32  5:53  Reaper  
  32  5:54  Reaper x4  
  37  6:03  Reaper x2  
  37  6:04  Reaper  
  37  6:08  SCV  
  41  6:25  Reaper x4, Supply Depot, SCV  
  46  6:34  Supply Depot  
  47  6:42  SCV  
  47  6:51  Reaper x3  
  47  6:55  Theia Raven  
  47  6:59  SCV  
  53  7:16  SCV  
  53  7:19  Reaper x5  
  59  7:28  Jetpack Overdrive  
  59  7:29  Reaper x2  
  62  7:32  SCV  
  62  7:44  Theia Raven  
  62  7:49  SCV  
  65  8:07  Reaper  
  65  8:08  Reaper x4  
  70  8:17  Reaper  
  70  8:18  Reaper x4  
  75  8:20  Supply Depot  
  75  8:48  Multi-Threaded Sensors  
  75  8:51  Supply Depot  
  75  8:53  Reaper  
  75  8:54  Reaper x3  
  79  9:06  Reaper x3  
  79  9:07  Reaper  
  82  9:33  Horner Weapons Level 2  
  82  9:40  Reaper, Fusion Core  
  82  9:41  Reaper x4  
  86  9:50  Reaper x2  
  83  10:08  Theia Raven  
  77  10:16  Tactical Jump  
  77  10:25  Reaper x4  
  77  10:26  Reaper  
  82  10:35  Reaper x5  
  87  10:45  Reaper x2  
  87  10:49  SCV  
  95  11:06  SCV  
  96  11:15  Drone Hangar  
  97  11:23  SCV  
  94  11:37  Supply Depot  
  94  11:39  Reaper x4  
  98  11:49  Reaper  
  105  12:07  Drone Hangar  
  105  12:09  Supply Depot  
  111  12:17  SCV  
  112  12:24  Reaper  
  112  12:25  Reaper x2  
  112  12:26  Drone Hangar  
  115  12:34  Reaper x3  
  115  12:37  Supply Depot  
  118  12:44  Reaper x3  
  118  12:48  Supply Depot  
  118  12:49  Reaper  
  122  12:54  Reaper x2  
  130  13:12  Drone Hangar  
  130  13:13  Reaper  
  130  13:14  Reaper x3  
  134  13:23  Reaper  
  134  13:24  Reaper x3  
  138  13:33  Reaper  
  138  13:34  Reaper x3  
  142  13:43  Reaper  
  143  13:56  Reaper  
  143  13:57  Reaper x4  
  147  14:20  Reaper  
  154  14:40  Drone Hangar  
  150  14:50  Reaper  
  150  14:51  Reaper x3  
  154  15:00  Reaper  
  154  15:01  Reaper x3  
  156  15:10  Reaper  
  156  15:11  Reaper  
  156  15:17  Reaper  
  156  15:18  Reaper  
  147  15:20  Reaper  
  147  15:21  Reaper  
  147  15:22  Reaper  
  147  15:27  Reaper  
  147  15:28  Reaper  
  152  15:30  Reaper  
  152  15:31  Reaper  
  152  15:32  Reaper  
  152  15:37  Reaper  
  152  15:39  Horner Weapons Level 3  
  154  15:44  Reaper  
  154  15:45  Reaper x3  
  154  15:47  Reaper  
  158  15:54  Reaper  
  158  15:55  Reaper x2, Refinery  
  161  16:01  Refinery  
  161  16:06  Reaper  
  161  16:24  Reaper  
  161  16:25  Reaper x4  
  157  16:34  Reaper  
  157  16:35  Reaper x3  
  157  16:37  Theia Raven  
  163  16:45  Reaper x2  
  163  16:46  Reaper x3  
  165  17:05  Reaper  
  165  17:06  Reaper x4  
  168  17:15  Reaper  
  168  17:16  Reaper x2  
  171  17:28  Reaper  
  171  17:29  Reaper x4  
  176  17:38  Reaper  
  176  17:39  Reaper  
  178  17:58  Reaper  
  178  17:59  Reaper x4  
  182  18:08  Reaper  
  182  18:10  Reaper  
  182  18:11  Reaper x3  
  182  18:18  Reaper  
  184  18:20  Reaper  
  184  18:21  Reaper  
  184  18:29  Reaper x2  
  188  18:30  Reaper x2  
  188  18:31  Reaper  
  188  18:39  Reaper  
  157  19:01  Horner Armor Level 1  
  153  19:13  Asteria Wraith  
  136  19:33  Reaper  
  136  19:34  Reaper x3  
  136  19:35  SCV  
  139  19:45  Trigger Override  
  140  19:52  SCV  
  140  20:06  Asteria Wraith  
  140  20:09  SCV  
  126  20:43  Reaper  
  126  20:44  Reaper x3  
  126  20:45  Reaper, SCV  
  126  20:48  Unregistered Cloak System  
  131  20:53  Reaper  
  131  20:54  Reaper x4  
  135  21:02  SCV  
  131  21:13  Reaper  
  131  21:14  Reaper  
  131  21:19  SCV  
  132  21:21  Reaper x2  
  132  21:22  Reaper  
  132  21:23  Reaper  
  132  21:24  Reaper  
  137  21:36  SCV  
  137  21:53  SCV  
  137  21:55  Reaper  
  137  21:56  Reaper x4  
  141  22:05  Reaper x2  
  141  22:06  Reaper x3  
  147  22:10  SCV  
  147  22:15  Reaper  
  147  22:17  Reaper  
  147  22:18  Reaper x3  
  152  22:25  Reaper  
  152  22:27  Reaper  
  138  22:47  Reaper x2  
  138  22:48  Reaper x3  
  143  22:57  Reaper x4  
  143  22:58  Reaper  
  148  23:07  Reaper  
  146  23:38  Reaper x4  
  146  23:39  Reaper  
  151  23:48  Reaper x5  
  155  23:58  Reaper x4  
  158  24:08  Reaper  
  159  24:15  Reaper  
  159  24:16  Reaper x2  
  159  24:17  Reaper  
  159  24:18  Reaper  
  155  24:25  Reaper  
  155  24:26  Reaper  
  155  24:27  Reaper  
  158  24:33  Reaper  
Show
View Real Time Build Order
Export as new Build Order

raincamp Terran 

Build Orders:  

Get SALT Encoding   

  12  0:23  Supply Depot  
  12  0:29  Supply Depot  
Tags
 
Commander
HornerRaynor
Matchup
Co-op
Replay Pack
Co-op Speedrun
Add a new tag
Caveats
  • Supply blocks, unpowered buildings, or Contaminate may cause inaccurate times.
  • Supply counts are checked every 10 seconds.